 Dungeon Crawl Stone Soup version 0.19-a0-200-gccd4ce3 (webtiles) character file.

8 AlphabetPasta the Magician (level 2, -2/13 HPs)
             Began as a Vine Stalker Wizard on May 23, 2016.
             Slain by a gnoll (6 damage)
             ... on level 1 of the Dungeon.
             The game lasted 00:02:49 (414 turns).

AlphabetPasta the Magician (Vine Stalker Wizard)     Turns: 414, Time: 00:02:49

Health: -2/13      AC:  2    Str:  9    XL:     2   Next: 8%
Magic:  0/7        EV: 12    Int: 18    God:
Gold:   16         SH:  0    Dex: 12    Spells: 4 memorised, 1 level left

rFire  . . .     SeeInvis .     (no weapon)
rCold  . . .     Gourm    .     a - +0 robe
rNeg   . . .     Faith    .     (no shield)
rPois  .         Spirit   +     b - +0 hat
rElec  .         Dismiss  .     (no cloak)
rCorr  .         Reflect  .     (no gloves)
SustAt .         Harm     .     (no boots)
MR     .....                    (no amulet)
Stlth  ++........               (no ring)
                                (no ring)

@: repel missiles, not resistant to hostile enchantments, unstealthy
A: fangs 2, regeneration 1, magic shield, antimagic bite, no device heal 3, rot
immunity
a: no special abilities


You were on level 1 of the Dungeon.
You were not hungry.

You visited 1 branch of the dungeon, and saw 1 of its levels.

You collected 16 gold pieces.

Inventory:

Armour
 a - a +0 robe (worn)
 b - a +0 hat (worn)
Scrolls
 e - a scroll of identify {unknown}
 h - a scroll of teleportation {unknown}
Potions
 j - a potion of flight {unknown}
Books
 c - a book of Minor Magic

   Spells                             Type                      Level
   a - Magic Dart                     Conjuration                  1
   b - Blink                          Translocation                2
   c - Call Imp                       Summoning                    2
   d - Repel Missiles                 Charms/Air                   2
   e - Slow                           Hexes                        2
   f - Conjure Flame                  Conjuration/Fire             3
   g - Mephitic Cloud                 Conjuration/Poison/Air       3
Comestibles
 d - a bread ration
 f - 2 fruits
 g - a meat ration
 i - a slice of pizza


   Skills:
 - Level 1.5 Dodging
 - Level 2.4 Stealth
 + Level 0.4 Unarmed Combat
 * Level 3.5 Spellcasting
 + Level 1.3 Conjurations
 - Level 1.0 Summonings
 - Level 1.0 Translocations


You had one spell level left.
You knew the following spells:

 Your Spells              Type           Power        Failure   Level  Hunger
a - Magic Dart            Conj           #...         12%         1    None
b - Blink                 Tloc           N/A          17%         2    ##.....
c - Call Imp              Summ           #.......     17%         2    ##.....
d - Repel Missiles        Chrm/Air       #.....       28%         2    ##.....


Dungeon Overview and Level Annotations

Branches:
Dungeon (1/15)

Altars:


Innate Abilities, Weirdness & Mutations

You have extremely sharp teeth.
Your natural rate of healing is unusually fast.
When hurt, damage is shared between your health and your magic reserves.
Your bite disrupts and absorbs the magic of your enemies.
Potions and wands cannot restore your health.
You are immune to rotting.


Message History

Confirm with . or Enter, or press ? or * to list all spells.
Aiming: Magic Dart
Press: ? - help, Shift-Dir - straight line, f/p - gnoll
Aim: a gnoll (moderately wounded)
The magic dart hits the gnoll.
The gnoll is moderately wounded.
The gnoll barely misses you.
You hit the gnoll but do no damage. Your bite misses the gnoll.
The gnoll is moderately wounded.
The gnoll hits you.
You hit the gnoll but do no damage. You bite the gnoll, but do no damage.
The gnoll is moderately wounded.
The gnoll hits you.
You hit the gnoll. You bite the gnoll, but do no damage.
The gnoll is heavily wounded.
The gnoll hits you.
* * * LOW HITPOINT WARNING * * *
There is a stone staircase leading down here.
The gnoll hits you!
You die...

#......g.# #........# #.g......#
##.##........# ... #........#
#.. ##†# #.. #..# #.######.##
#.##..g@.# #.##.#####
#######.##...# .. .........>.#.#
##. ########..##.# #.. #.......#
#.# ########.####### #.#
.........## #.############.#####
.........)###.....#..#.........#


You could see a gnoll.

Vanquished Creatures
  A giant cockroach (D:1)
  2 hobgoblins (D:1)
  4 bats (D:1)
  A kobold (D:1)
  A rat (D:1)
9 creatures vanquished.

Notes
Turn   | Place    | Note
--------------------------------------------------------------
     0 | D:1      | AlphabetPasta the Vine Stalker Wizard began the quest for the Orb.
     0 | D:1      | Reached XP level 1. HP: 9/9 MP: 5/5
   263 | D:1      | Reached XP level 2. HP: 13/13 MP: 2/7
   267 | D:1      | Learned a level 2 spell: Blink
   270 | D:1      | Learned a level 2 spell: Call Imp
   273 | D:1      | Learned a level 2 spell: Repel Missiles
   414 | D:1      | Slain by a gnoll

Vault maps used:
D:1:      matt_arrival_grand_opening

Action                   || total
-------------------------++-------
Melee: Unarmed           ||     4
       Bite              ||     3
 Cast: Magic Dart        ||    30
       Repel Missiles    ||     1
Armor: Robe              ||     2
Dodge: Dodged            ||     6
